 Dungeon Crawl Stone Soup version 0.26.0-45-g9c1d065592 (webtiles) character file.

Game seed: 5303316621910899280

3266 Eurus the Martial Artist (level 9, -1/72 HPs)
             Began as a Purple Draconian Transmuter on Jan 30, 2021.
             Was an Initiate of the Shining One.
             Killed by divine providence
             ... invoked by an orc priest
              (9 damage)
             ... on level 9 of the Dungeon.
             The game lasted 00:32:44 (10686 turns).

Eurus the Martial Artist (DrTm)                    Turns: 10686, Time: 00:32:46

Health: -1/72      AC: 13    Str: 13    XL:     9   Next: 68%
Magic:  20/20      EV: 14    Int: 14    God:    the Shining One [......]
Gold:   183        SH:  0    Dex: 14    Spells: 18/22 levels left

rFire    . . .     SeeInvis .     - Unarmed
rCold    . . .     Faith    .   (no shield)
rNeg     . . .     Spirit   .   (armour unavailable)
rPois    +         Reflect  .   (helmet restricted)
rElec    .         Harm     .   B - +0 cloak
rCorr    .         Rampage  .   k - +1 pair of gloves
Will     +....                  q - +2 pair of boots
Stlth    +.........             (no amulet)
HPRegen  0.22/turn              l - ring of poison resistance
MPRegen  0.17/turn              (no ring)

@: short of breath, glowing
A: breathe power, unfitting armour, cold-blooded, AC +7
a: Breathe Dispelling Energy, Renounce Religion


You were on level 9 of the Dungeon.
You worshipped the Shining One.
The Shining One was noncommittal.
You visited 2 branches of the dungeon, and saw 10 of its levels.

You collected 533 gold pieces.
You spent 350 gold pieces at shops.

Inventory:

Armour
 k - a +1 pair of gloves (worn)
 q - a +2 pair of boots (worn)
 B - a +0 cloak (worn)
Jewellery
 l - a ring of poison resistance (left hand)
Wands
 r - a wand of flame (18)
 s - a wand of polymorph (13)
 t - a wand of iceblast (15)
 u - a wand of acid (6)
Scrolls
 d - 3 scrolls of remove curse
 e - a scroll of immolation
 g - 3 scrolls of identify
 m - 2 scrolls of enchant armour
 p - a scroll of amnesia
 y - 2 scrolls of teleportation
Potions
 a - 2 potions of cancellation {unknown}
 b - a potion of lignification
 c - 3 potions of might
 f - 4 potions of mutation {unknown}
 h - 3 potions of haste {unknown}
 i - a potion of brilliance
 j - 3 potions of curing
 n - 4 potions of flight
 o - 2 potions of degeneration {unknown}
 v - 2 potions of heal wounds {unknown}


   Skills:
 + Level 4.6 Fighting
 + Level 4.1 Dodging
 + Level 8.6 Unarmed Combat
 + Level 7.4 Spellcasting
 + Level 2.5 Hexes
 + Level 6.6 Transmutations


You had 18 spell levels left.
You knew the following spells:

 Your Spells              Type           Power        Failure   Level
a - Beastly Appendage     Tmut           46%          1%          1
b - Wereblood             Tmut           23%          1%          2
c - Corona                Hex            13%          4%          1

Your spell library contained the following spells:

 Spells                   Type           Power        Failure   Level
 Spider Form              Tmut/Pois      7%           11%         3
 Ensorcelled Hibernation  Hex/Ice        16%          12%         2
 Confusing Touch          Hex            12%          14%         3
 Tukima's Dance           Hex            12%          14%         3
 Dazzling Flash           Conj/Hex       16%          24%         3
 Blade Hands              Tmut           11%          24%         5
 Ice Form                 Ice/Tmut       14%          34%         4


Dungeon Overview and Level Annotations

Branches:
Dungeon (9/15)             Temple (1/1) D:4
   Lair: D:8-11         Orc: D:9-12

Altars:
Ashenzari
Cheibriados
Dithmenos
Elyvilon
Fedhas
Gozag
Hepliaklqana
Kikubaaqudgha
Makhleb
Nemelex Xobeh
Okawaru
Qazlal
Ru
Sif Muna
Trog
Uskayaw
Vehumet
Wu Jian
Xom
Yredelemnul
Zin
The Shining One

Shops:
D:4 !:*?}   D:7 :

Annotations:
D:5 Sigmund
D:6 2 transporters
D:9 Grum


Innate Abilities, Weirdness & Mutations

You can breathe bolts of dispelling energy.
Your rich purple scales are hard. (AC +7)
You cannot fit into any form of body armour.
You are cold-blooded and may be slowed by cold attacks.


Message History

The orc warrior barely misses you.
You closely miss the orc warrior.
The orc warrior is moderately wounded.
The orc priest mumbles some strange prayers to Beogh against you.
Beogh smites you!
* * * LOW HITPOINT WARNING * * *
You hit the orc warrior.
The orc warrior is heavily wounded.
The orc warrior closely misses you.
You hit the orc warrior but do no damage.
The orc warrior is heavily wounded.
The orc priest casts a cantrip, but nothing happens.
The orc warrior barely misses you.
You hit the orc warrior.
The orc warrior is severely wounded.
The orc wizard mumbles some strange words.
The orc wizard blinks!
The orc priest mumbles some strange prayers to Beogh against you.
Beogh smites you!
You die...

# #.##.# # #.
#.##.# # #.
#.##.# # #####.
#.##.# . .....
#..#.# ## #...
###.#.# . #...
#.....# .
####...#########
#.###.# #
......ogoo@†o..#
###.# #.# .
......h#######.#
#...###.#
.......
#.###.#.....#
####..#
#.....###.###
#.# #####.# #.#
#. #.....# #
......###
#######


You could see Grum, an orc warrior, a wolf, an orc priest, an orc wizard (fast)
and an orc.

Vanquished Creatures
  Joseph (D:7)
  Prince Ribbit (D:9)
  Menkaure (D:7)
  A black bear (D:7)
  2 sky beasts
  An orc warrior (D:6)
  An ice beast (D:6)
  A phantom (D:4)
  A wolf (D:9)
  6 ogres
  A centaur (D:7)
  6 bullfrogs
  3 scorpions
  A howler monkey (D:4)
  A centaur zombie (D:7)
  3 jellies
  3 orc priests
  4 hounds
  A bullfrog skeleton (D:8)
  A worker ant (D:4)
  2 orc wizards
  A hound zombie (D:6)
  A hound skeleton (D:4)
  Robin (D:2)
  2 howler monkey skeletons
  4 gnolls (D:8)
  12 adders
  A white imp (D:5)
  An ufetubus (D:6)
  An ooze (D:3)
  An adder skeleton (D:4)
  An adder zombie (D:5)
  4 worms
  5 dart slugs
  6 leopard geckos
  16 orcs
  2 ball pythons (D:3)
  6 giant cockroaches
  9 goblins
  10 hobgoblins
  3 iguanas
  9 jackals
  14 kobolds
  5 quokkas
  5 bats
  10 frilled lizards
  2 leopard gecko skeletons
  10 rats
184 creatures vanquished.

Vanquished Creatures (others)
  A sky beast (D:6)
  3 orc priests (D:6)
  An orc wizard (D:6)
  4 orcs (D:6)
  A plant (D:3)
10 creatures vanquished.

Grand Total: 194 creatures vanquished

Notes
Turn   | Place    | Note
-------+----------+-------------------------------------------
     0 | D:1      | Eurus the Draconian Transmuter began the quest for the Orb.
     0 | D:1      | Reached XP level 1. HP: 16/16 MP: 3/3
   316 | D:1      | Reached XP level 2. HP: 23/23 MP: 3/5
   856 | D:2      | Reached XP level 3. HP: 16/28 MP: 6/6
  1310 | D:2      | Reached skill level 4 in Unarmed Combat
  1497 | D:2      | Found a shadowy altar of Dithmenos.
  1497 | D:2      | Noticed Robin
  1542 | D:1      | Reached XP level 4. HP: 35/35 MP: 7/7
  1546 | D:1      | Learned a level 2 spell: Wereblood
  1639 | D:2      | Found a basalt altar of Yredelemnul.
  2151 | D:2      | Killed Robin
  2482 | D:3      | Found a hazy altar of Hepliaklqana.
  2730 | D:3      | Reached XP level 5. HP: 34/40 MP: 9/9
  3084 | D:3      | Found a blossoming altar of Fedhas.
  3346 | D:4      | Found Yfiuska's Magic Scroll Shop.
  3390 | D:4      | Found a staircase to the Ecumenical Temple.
  3399 | Temple   | Entered the Ecumenical Temple
  3548 | D:4      | Found Sofigu's General Store.
  3551 | D:4      | Noticed an ogre
  3552 | D:4      | Found Tesot's Book Shoppe.
  3635 | D:4      | Reached skill level 5 in Unarmed Combat
  3638 | D:4      | Found a broken altar of Ashenzari.
  3721 | D:4      | Reached XP level 6. HP: 26/47 MP: 8/11
  4033 | D:4      | Found Ryefy's Gadget Shop.
  4052 | D:4      | Found a sacrificial altar of Ru.
  4110 | D:4      | Found Kurimug's Distillery.
  4442 | D:5      | Entered Level 5 of the Dungeon
  4611 | D:5      | Found a shimmering altar of Xom.
  4624 | D:5      | Found a sacrificial altar of Ru.
  4920 | D:5      | Noticed Sigmund
  5030 | D:5      | Reached skill level 6 in Unarmed Combat
  5034 | D:5      | Your scales start taking on a rich purple colour.
  5034 | D:5      | Reached XP level 7. HP: 41/52 MP: 14/14
  5885 | D:6      | Reached skill level 5 in Spellcasting
  6104 | D:6      | Noticed a +0 dagger
  6105 | D:6      | Found a hide-covered altar of Uskayaw.
  6105 | D:6      | Noticed a +0 dagger
  6476 | D:6      | Found a transporter.
  6516 | D:6      | Reached skill level 7 in Unarmed Combat
  6707 | D:6      | Found a transporter.
  6828 | D:6      | Reached skill level 5 in Transmutations
  6828 | D:6      | Reached XP level 8. HP: 20/59 MP: 14/16
  7346 | D:7      | Noticed a troll
  7643 | D:7      | Noticed Menkaure
  7790 | D:7      | Noticed Joseph
  8206 | D:7      | Killed Joseph
  8346 | D:7      | Killed Menkaure
  8551 | D:7      | Reached skill level 8 in Unarmed Combat
  8629 | D:7      | Found Ritzirem's Book Shoppe.
  8634 | D:7      | You fall into a shaft and drop 1 floor!
  8832 | D:8      | Reached XP level 9. HP: 69/70 MP: 16/19
  9207 | D:7      | Bought a book of Maledictions for 350 gold pieces
  9210 | D:7      | Learned a level 1 spell: Corona
  9773 | D:8      | Reached skill level 1 in Hexes
 10445 | D:8      | Found a shadowy altar of Dithmenos.
 10446 | D:8      | Found a glowing golden altar of the Shining One.
 10450 | D:8      | Became a worshipper of the Shining One
 10604 | D:9      | Noticed Prince Ribbit
 10619 | D:9      | Killed Prince Ribbit
 10672 | D:9      | Noticed Grum
 10686 | D:9      | Killed from afar by an orc priest

Illustrated notes

Levels and vault maps discovered:
D:1:      scummos_arrival_gate, layout_rooms
D:2:      layout_loops_ring, old_standard_altar,
          nicolae_dithmenos_shadow_blocks, uniq_robin
D:3:      layout_basic, nzn_hepliaklqana_mist_gate, fedhas_ov_isle_minmay
D:4:      layout_rooms, nicolae_overflow_crystal_walls,
          minmay_temple_entry_antechambers, serial_shops, shop_scrolls,
          shop_coins, shop, nicolae_shop_window_shopping, shop,
          nicolae_ru_path_of_blood
D:5:      layout_loops_cross, kennysheep_mini_moat, hangedman_glass_teeth,
          small_statue_intersection, kennysheep_donut, dk_xom_monty_hall,
          uniq_sigmund
D:6:      gammafunk_steamed_eel, layout_basic, dancing_weapons_uskayaw,
          lemuel_flamethrower_2
D:7:      layout_gridville, serial_shops, shop_statue, uniq_joseph,
          uniq_menkaure
D:8:      layout_loops_ring, gammafunk_temple_overflow_statue
D:9:      layout_loops_ring, serial_shops, shop, minmay_protected_statue,
          uniq_erica, uniq_grum, uniq_prince_ribbit1
Temple:   regret_index_temple_waves

Skill      XL: |  1  2  3  4  5  6  7  8  9 |
---------------+----------------------------+-----
Unarmed Combat | 4 5 6 7 8 |  8.6
Transmutations | 3 4 5 6 |  6.6
Spellcasting   | 3 4 5 6 7 |  7.4
Fighting       | 3 4 |  4.6
Dodging        | 3 4 |  4.1
Hexes          | 2 |  2.5

Action                   |  1- 3 |  4- 6 |  7- 9 || total
-------------------------+-------+-------+-------++-------
Melee: Unarmed           |   144 |   222 |   294 ||   660
       Kick              |    15 |    40 |    69 ||   124
       Headbutt          |    12 |    23 |    43 ||    78
       Tailslap          |    11 |    20 |    31 ||    62
       Punch             |     1 |     4 |     4 ||     9
 Cast: Beastly Appendage |    20 |    34 |    39 ||    93
       Wereblood         |       |     3 |     7 ||    10
 Abil: Breathe Dispellin |       |       |    11 ||    11
  Use: Scroll            |     1 |     7 |    11 ||    19
 Stab: Sleeping          |     3 |     2 |       ||     5
Armor: Skin              |    32 |    78 |    84 ||   194
Dodge: Dodged            |    87 |   128 |   156 ||   371
